 Dungeon Crawl Stone Soup version 0.27.1 (webtiles) character file.

Game seed: 15989307548234744569

56 TinyDot the Shooter (level 3, -1/30 HPs)
             Began as a Minotaur Hunter on Aug 23, 2021.
             Killed from afar by an orc wizard (4 damage)
             ... with a puff of flame
             ... on level 3 of the Dungeon.
             The game lasted 00:14:51 (1257 turns).

TinyDot the Shooter (Minotaur Hunter)               Turns: 1257, Time: 00:14:52

Health: -1/30      AC:  5    Str: 16    XL:     3   Next: 69%
Magic:  2/2        EV: 11    Int:  8    God:
Gold:   54         SH:  0    Dex: 11    Spells: 2/2 levels left

rFire    . . .     SeeInvis .   q - +0 long sword
rCold    . . .     Faith    .   (no shield)
rNeg     . . .     Spirit   .   l - +0 ring mail
rPois    .         Reflect  .   (helmet restricted)
rElec    .         Harm     .   (no cloak)
rCorr    .         Rampage  .   (no gloves)
Will     .....                  (no boots)
Stlth    ..........             (no amulet)
HPRegen  0.10/turn              (no ring)
MPRegen  0.08/turn              (no ring)

@: confused, very slow
A: horns 2, retaliatory headbutt
a: no special abilities


You were on level 3 of the Dungeon.
You visited 1 branch of the dungeon, and saw 3 of its levels.

You collected 54 gold pieces.

Inventory:

Hand Weapons
 a - a +1 shortbow
 b - a +0 short sword
 f - a +0 dagger of holy wrath
 i - a +0 whip
 m - a +0 whip
 o - a +0 dagger
 p - a +0 hunting sling
 q - a +0 long sword (weapon)
Missiles
 d - 16 arrows
Armour
 c - a +0 leather armour
 l - a +0 ring mail (worn)
 s - a +0 leather armour
Scrolls
 e - 2 scrolls of blinking {unknown}
 g - a scroll of brand weapon {unknown}
 h - a scroll of teleportation {unknown}
 n - a scroll of identify {unknown}
 r - a scroll of magic mapping {unknown}
Potions
 j - a potion of brilliance {unknown}
 k - a potion of resistance {unknown}
 t - a potion of curing {unknown}


   Skills:
 + Level 2.8 Fighting
 + Level 0.4 Short Blades
 + Level 5.3 Bows
 + Level 1.2 Armour
 + Level 2.6 Dodging
 + Level 0.7 Stealth


You had 2 spell levels left.
You didn't know any spells.
Your spell library was empty.

Dungeon Overview and Level Annotations

Branches:
Dungeon (3/15)

Altars:
Fedhas


Innate Abilities, Weirdness & Mutations

You have a pair of horns on your head.
You reflexively headbutt those who attack you in melee.


Message History

The orc wizard hits the plant with a +0 dagger.
The plant begins to die.
An orc priest comes into view. It is wielding a +0 short sword.
The orc wizard is engulfed in a cloud of scalding steam.
The orc wizard gestures at you while chanting.
The puff of flame misses you.
You hear a splashing noise.
The orc priest moves out of view.
The orc priest shouts!
The orc wizard points at you and mumbles some strange words.
You resist with significant effort.
Something hits the plant.
The orc wizard points at you and mumbles some strange words.
The puff of flame hits you!
* * * LOW HITPOINT WARNING * * *
You bump into the rock wall.
The orc shouts!
Something hits the plant.
The orc priest calls upon Beogh to heal the orc wizard.
The orc wizard is healed somewhat.
A nearby plant withers and dies.
You enter the shallow water.
Moving in this stuff is going to be slow.
The orc wizard points at you and mumbles some strange words.
You are more confused.
The orc priest casts a cantrip, but nothing happens.
A dart slug comes into view.
The orc wizard mumbles some strange words.
The orc wizard flickers and vanishes!
You see here 2 arrows.
The plant is engulfed in a cloud of scalding steam.
The plant begins to die.
A puff of flame appears from out of thin air!
The puff of flame hits you.
* * * LOW HITPOINT WARNING * * *
The dart slug splashes around in the water.
You enter the shallow water.
Moving in this stuff is going to be slow.
The orc wizard points at you and mumbles some strange words.
The puff of flame hits you.
You die...

# ##≈ .# ##≈≈####
#+# ... #≈≈##..# #.#
### ##..##≈≈≈#..#
#.##.. #..o#≈≈≈##.#
##.#.#
..≈{§§§§@≈.####...#
.≈oo≈§§(..........#
≈≈.≈≈≈≈.≈...###...##
≈≈≈≈≈≈.≈....# ##...#
≈≈≈≈P.≈..####
#..#..... ≈≈≈P≈≈..##
#..####.# ≈wP≈.≈.##
#..# ≈≈≈≈...
#..####.# ..≈...#
#.......#


You could see a dart slug.

Vanquished Creatures
  3 adders (D:2)
  A dart slug (D:2)
  An endoplasm (D:2)
  3 goblins
  A hobgoblin (D:1)
  4 jackals (D:1)
  5 ball pythons
  2 bats
  A frilled lizard (D:2)
  4 kobolds
  5 rats (D:2)
30 creatures vanquished.

Vanquished Creatures (others)
  9 plants (D:3)
9 creatures vanquished.

Grand Total: 39 creatures vanquished

Notes
Turn   | Place    | Note
-------+----------+-------------------------------------------
     0 | D:1      | TinyDot the Minotaur Hunter began the quest for the Orb.
     0 | D:1      | Reached XP level 1. HP: 18/18 MP: 0/0
   126 | D:1      | Reached XP level 2. HP: 16/25 MP: 1/1
   572 | D:2      | Found a blossoming altar of Fedhas.
   625 | D:2      | Reached skill level 5 in Bows
   814 | D:2      | Reached XP level 3. HP: 25/30 MP: 2/2
   830 | D:2      | Reached skill level 1 in Armour
  1257 | D:3      | Killed from afar by an orc wizard

Illustrated notes

Levels and vault maps discovered:
D:1:      dpeg_arrival_rooms_a, layout_loops_ring, kennysheep_flooded_box,
          minivault_14, minmay_box_of_dots
D:2:      layout_basic, shapermc_ecumenical_altar_mp_highgroup, basic_altar
D:3:      layout_loops_corners, grunt_decor_fettered, chequers_big_river,
          minmay_misc_feat_square, kennysheep_pointless_box,
          kennysheep_generic_room_14

Skill      XL: |  1  2  3 |
---------------+----------+-----
Bows           | 5 |  5.3
Armour         | 1 |  1.2
Fighting       | |  2.8
Short Blades   | |  0.4
Dodging        | |  2.6
Stealth        | |  0.7

Action                   || total
-------------------------++-------
Melee: Short sword       ||    52
       Headbutt          ||    10
       Dagger            ||     8
       Long sword        ||     9
 Fire: Shortbow          ||    33
Armor: Leather armour    ||    12
       Ring mail         ||    24
Dodge: Dodged            ||    67
       Rpst.: Long sword ||     3
